Map: Overgrown Facility

Players

fiddlermcgee

  • Race: Terran Terran
  • Spawn Location: 1:00

Subwayeatn

  • Race: Zerg Zerg
  • Spawn Location: 3:00

DatuPuti

  • Race: Protoss Protoss
  • League: Gold
  • Spawn Location: 9:00

NKHIGHLIFE

  • Race: Zerg Zerg
  • League: Silver
  • Spawn Location: 7:00

VOD

Have the link to the VOD?

Description

Time

  • Played on: Oct. 19, 2019, 10:57 p.m.
  • Length: 9:21
Show
View Real Time Build Order
Export as new Build Order

fiddlermcgee Terran 

Build Orders:  

Get SALT Encoding   

  12  0:01  SCV  
  13  0:19  SCV  
  14  0:22  Supply Depot  
  14  0:33  SCV  
  15  0:45  SCV  
  16  0:53  Barracks  
  16  0:57  SCV  
  17  1:09  SCV  
  18  1:18  Barracks  
  18  1:21  SCV  
  19  1:26  Refinery  
  19  1:43  SCV  
  19  1:44  Refinery  
  20  1:55  SCV  
  21  2:03  Supply Depot  
  21  2:07  SCV  
  22  2:12  Marine  
  23  2:25  Orbital Command, Supply Depot  
  23  2:30  Marine  
  24  2:47  Marine  
  25  3:05  Marine  
  25  3:08  Barracks  
  26  3:13  Refinery  
  26  3:23  Marine  
  27  3:30  SCV  
  27  3:55  Barracks Reactor  
  27  3:57  Barracks Reactor  
  27  4:58  Marine  
  27  4:59  Marine x3  
  31  5:16  Marine  
  31  5:17  Marine x3  
  35  5:23  Barracks  
  35  5:34  Marine x4  
  36  5:52  Marine x3  
  39  5:59  Command Center  
  39  6:12  Engineering Bay  
  39  6:44  Supply Depot  
  39  7:03  Terran Infantry Weapons Level 1  
  39  7:06  Marine x4, Barracks Tech Lab, SCV  
  39  7:08  Supply Depot  
  44  7:11  Supply Depot  
  44  7:18  SCV  
  45  7:24  Marine x4  
  45  7:29  Stimpack  
  49  7:30  SCV  
  49  7:31  Supply Depot  
  49  7:34  Supply Depot  
  49  7:35  SCV  
  51  7:41  Marine x4  
  51  7:42  SCV  
  56  7:48  SCV  
  57  7:54  SCV  
  57  7:55  Factory  
  58  7:59  Marine x4  
  58  8:00  SCV  
  63  8:07  SCV  
  63  8:08  Marauder  
  63  8:12  SCV  
  67  8:19  SCV  
  68  8:24  SCV  
  69  8:30  Marauder  
  69  8:31  SCV  
  72  8:36  SCV  
  74  8:43  Marine x2  
  74  8:44  Command Center  
  74  8:48  SCV  
  76  8:51  Marauder  
  78  8:56  SCV  
  78  9:00  SCV  
  78  9:01  Marine x2  
  82  9:08  SCV  
Show
View Real Time Build Order
Export as new Build Order

Subwayeatn Zerg 

Build Orders: Pool First 

Get SALT Encoding   

  12  0:01  Drone  
  13  0:12  Overlord  
  13  0:19  Drone  
  14  0:31  Drone  
  15  0:38  Spawning Pool  
  14  0:43  Drone  
  14  0:49  Drone  
  16  1:10  Hatchery  
  15  1:20  Extractor  
  15  1:21  Drone x2  
  15  1:22  Drone  
  17  1:33  Queen  
  20  1:40  Drone  
  20  1:49  Drone  
  21  2:01  Roach Warren  
  21  2:05  Overlord  
  20  2:23  Drone x3  
  20  2:26  Queen  
  25  2:37  Extractor  
  24  2:49  Lair  
  24  2:52  Drone x3  
  24  2:55  Drone  
  28  2:58  Drone  
  29  3:16  Drone x6  
  35  3:24  Drone  
  35  3:26  Overlord  
  36  3:30  Overlord  
  36  3:38  Overlord  
  36  3:55  Roach x2  
  40  3:56  Roach x4  
  40  4:00  Roach  
  34  4:11  Roach x2  
  31  4:25  Roach  
  31  4:26  Roach x2  
  33  4:33  Drone x2  
  35  4:40  Drone x2  
  37  4:57  Drone x3  
  40  5:09  Queen  
  40  5:13  Glial Reconstitution  
  42  5:15  Drone x2  
  42  5:16  Drone x5  
  42  5:44  Queen  
  42  5:49  Overlord  
  44  5:51  Evolution Chamber x2  
  44  5:53  Overlord  
  42  5:57  Extractor, Drone x2  
  42  5:58  Extractor, Drone x5  
  42  6:04  Queen  
  49  6:17  Hatchery, Drone x2  
  50  6:20  Queen  
  52  6:32  Drone x3  
  55  6:33  Drone  
  55  6:34  Drone x2  
  55  6:36  Drone x2  
  60  6:50  Drone x3  
  63  6:56  Zerg Missile Weapons Level 1  
  63  7:01  Overlord x4  
  63  7:02  Overlord  
  63  7:11  Zerg Ground Armor Level 1  
  63  7:18  Drone x3  
  63  7:19  Drone  
  67  7:29  Pneumatized Carapace  
  67  7:30  Queen  
  67  7:32  Drone x5  
  74  7:39  Overlord  
  74  7:42  Overseer  
  74  7:46  Overseer  
  74  7:50  Overseer  
  74  7:54  Overlord x3  
  74  7:57  Overseer  
  74  7:58  Overlord  
  74  8:14  Roach x10  
  94  8:26  Drone  
  95  8:32  Drone x3  
  98  8:42  Drone  
  98  8:46  Overlord x2  
  99  8:51  Extractor  
  99  8:53  Extractor  
  99  8:55  Spine Crawler  
Show
View Real Time Build Order
Export as new Build Order

DatuPuti Protoss 

Build Orders:  

Get SALT Encoding   

  12  0:01  Probe  
  13  0:13  Probe  
  14  0:21  Pylon  
  14  0:25  Probe  
  15  0:39  Probe (Chrono Boost)  
  15  0:40  Gateway  
  17  0:50  Probe (Chrono Boost)  
  17  0:55  Probe (Chrono Boost)  
  17  0:56  Assimilator  
  18  1:06  Probe (Chrono Boost)  
  19  1:12  Pylon  
  19  1:14  Probe (Chrono Boost)  
  20  1:22  Probe  
  21  1:27  Cybernetics Core  
  21  1:28  Assimilator  
  21  1:34  Probe  
  22  1:46  Probe  
  23  2:01  Nexus  
  23  2:08  Stalker (Chrono Boost)  
  23  2:12  Probe  
  26  2:17  Pylon  
  26  2:24  Probe  
  27  2:33  Stalker  
  27  2:36  Probe  
  30  2:46  Gateway  
  30  2:54  Forge  
  30  2:58  Warp Gate  
  30  3:03  Stalker  
  32  3:25  Probe (Chrono Boost)  
  32  3:26  Probe (Chrono Boost)  
  36  3:35  Probe x2 (Chrono Boost)  
  36  3:36  Stalker  
  36  3:38  Stalker  
  40  3:51  Probe x2  
  40  3:53  Assimilator  
  42  4:06  Stalker  
  42  4:08  Stalker  
  46  4:23  Probe x2  
  46  4:35  Probe x2  
  46  4:36  Stalker  
  48  4:45  Photon Cannon  
  48  4:47  Protoss Ground Weapons Level 1  
  48  4:49  Pylon, Probe x2  
  50  4:55  Pylon  
  50  4:59  Stalker  
  52  5:01  Assimilator, Probe x2  
  54  5:10  Gateway  
  54  5:11  Pylon  
  54  5:15  Stalker  
  56  5:32  Robotics Facility  
  56  5:34  Robotics Facility  
  56  5:40  Gateway  
  56  5:42  Gateway  
  56  5:43  Probe x2  
  56  5:45  Gateway  
  58  5:51  Twilight Council  
  58  5:55  Probe  
  59  6:23  Observer x2 (Chrono Boost)  
  61  6:32  Stalker x3  
  67  6:34  Blink (Chrono Boost)  
  67  6:37  Immortal x2 (Chrono Boost)  
  75  6:43  Protoss Air Weapons Level 1  
  75  6:45  Nexus  
  75  6:51  Pylon  
  75  6:55  Protoss Shields Level 1  
  75  7:05  Stalker  
  77  7:16  Pylon  
  77  7:18  Pylon  
  77  7:20  Pylon  
  77  7:21  Pylon  
  77  7:25  Pylon  
  77  7:28  Pylon  
  77  7:32  Immortal x2  
  77  7:36  Probe x2  
  87  7:40  Photon Cannon  
  87  7:48  Probe (Chrono Boost)  
  87  7:49  Probe (Chrono Boost)  
  89  7:53  Photon Cannon  
  89  7:57  Photon Cannon  
  89  8:00  Probe (Chrono Boost)  
  89  8:03  Probe (Chrono Boost)  
  92  8:07  Probe (Chrono Boost)  
  92  8:08  Stalker  
  92  8:10  Probe (Chrono Boost)  
  92  8:11  Probe (Chrono Boost)  
  96  8:15  Probe (Chrono Boost)  
  97  8:26  Forge x2  
  97  8:33  Photon Cannon  
  97  8:36  Probe x3  
  104  8:52  Robotics Bay, Probe x2  
  104  8:53  Probe  
  111  9:00  Assimilator  
Show
View Real Time Build Order
Export as new Build Order

NKHIGHLIFE Zerg 

Build Orders: Pool First, Lurkers 

Get SALT Encoding   

  12  0:02  Drone  
  13  0:15  Drone  
  13  0:19  Extractor  
  13  0:20  Drone  
  14  0:37  Spawning Pool  
  14  0:42  Overlord  
  13  0:48  Drone  
  14  1:01  Drone x2  
  16  1:31  Hatchery  
  15  1:41  Queen  
  15  1:46  Drone  
  18  1:49  Drone  
  19  1:59  Metabolic Boost  
  19  2:02  Drone  
  19  2:07  Drone  
  21  2:14  Overlord  
  21  2:28  Lair  
  21  2:33  Zergling x4  
  23  2:41  Zergling x2  
  24  2:47  Queen  
  24  2:51  Zergling x2  
  27  2:59  Zergling x4  
  29  3:16  Drone x4  
  29  3:17  Drone  
  34  3:21  Overlord  
  34  4:01  Drone  
  34  4:02  Drone x3  
  36  4:03  Overlord x4  
  34  4:24  Zergling x4  
  34  4:25  Zergling x4  
  37  4:33  Extractor  
  37  4:38  Zergling x8  
  38  4:41  Extractor  
  38  4:42  Extractor  
  37  4:48  Zergling x4  
  37  4:50  Hydralisk Den  
  36  5:41  Hydralisk x2  
  36  5:42  Hydralisk x6  
  50  5:54  Drone x2  
  52  6:01  Pneumatized Carapace  
  52  6:11  Lurker Den  
  51  6:31  Hatchery  
  50  6:34  Extractor, Roach Warren  
  50  6:35  Extractor, Drone x7  
  50  6:36  Drone x3  
  50  6:39  Evolution Chamber  
  56  6:40  Evolution Chamber  
  55  6:55  Muscular Augments  
  55  7:06  Zerg Missile Weapons Level 1  
  55  7:13  Spore Crawler  
  54  7:16  Spore Crawler  
  54  7:20  Drone x5  
  54  7:21  Drone  
  59  7:42  Lurker  
  59  7:43  Lurker  
  59  7:44  Lurker  
  62  7:45  Lurker  
  63  7:51  Hydralisk  
  63  7:52  Zergling x2  
  63  7:53  Zergling x10  
  71  8:07  Grooved Spines  
  71  8:21  Queen  
  71  8:23  Drone  
  71  8:24  Overlord x4  
  71  8:25  Overlord  
Tags
 
Add a new tag
Caveats
  • Supply blocks, unpowered buildings, or Contaminate may cause inaccurate times.
  • Supply counts are checked every 10 seconds.